 Dungeon Crawl Stone Soup version 0.28-a0-514-g0d7ab7f379 (webtiles) character file.

Game seed: 5355821462758222371

961 robertstho the Magician (level 8, -1/55 HPs)
             Began as a Djinni Fire Elementalist on Sept 22, 2021.
             Was an Initiate of Gozag.
             Slain by a black bear (7 damage)
             ... on level 6 of the Dungeon.
             The game lasted 00:06:21 (6204 turns).

robertstho the Magician (Djinni Fire Elementalist)  Turns: 6204, Time: 00:06:23

Health: -1/55      AC:  3    Str:  8    XL:     8   Next: 37%
Gold:   466        EV: 12    Int: 17    God:    Gozag SH:  0 Dex: 15

rFire   + + .      SeeInvis .   b - +1 hand axe (vorpal)
rCold   x . .      Faith    .   (no shield)
rNeg    . . .      Spirit   .   a - +0 robe
rPois   ∞          Reflect  .   i - +0 helmet
rElec   .          Harm     .   (no cloak)
rCorr   .          Rampage  .   (no gloves)
Will    .....                   (boots unavailable)
Stlth   ++........              (no amulet)
HPRegen 0.18/turn               (no ring)
MPRegen 0.00/turn               (no ring)

@: flying
A: sickness immunity, fire resistance 2, cold vulnerability 1, float, innate
caster, hp casting, extra vitality 1
a: Renounce Religion, Potion Petition, Call Merchant, Bribe Branch


You were on level 6 of the Dungeon.
You worshipped Gozag.
Gozag was aware of your devotion.
You visited 2 branches of the dungeon, and saw 7 of its levels.

You collected 553 gold pieces.
You paid 87 gold pieces to Gozag.

Inventory:

Hand Weapons
 b - a +1 vorpal hand axe (weapon)
 d - a +0 dagger
Missiles
 l - a throwing net
Armour
 a - a +0 robe (worn)
 i - a +0 helmet (worn)
Jewellery
 j - a ring of protection from fire
 o - an amulet of regeneration
Scrolls
 e - a scroll of fear {unknown}
 f - a scroll of magic mapping
 k - a scroll of teleportation
 m - a scroll of blinking {unknown}
Potions
 c - 2 potions of mutation {unknown}
 g - a potion of brilliance {unknown}
 h - 3 potions of heal wounds {unknown}
 n - a potion of curing {unknown}


   Skills:
 * Level 2.8 Fighting
 + Level 0.2 Axes
 + Level 2.4 Dodging
 + Level 2.1 Stealth
 * Level 6.8 Spellcasting


You had one spell level left.
You knew the following spells:

 Your Spells              Type           Power      Damage    Failure   Level
a - Foxfire               Conj/Fire      100%       2x1d9     1%          1
b - Scorch                Fire           58%        2d7       1%          2
c - Conjure Flame         Conj/Fire      29%        6-21      1%          3
d - Inner Flame           Hex/Fire       29%        N/A       1%          3
e - Flame Wave            Conj/Fire      29%        3d7       7%          4
f - Magic Dart            Conj           100%       1d8       1%          1
g - Corpse Rot            Necr/Air       N/A        N/A       1%          2
h - Summon Guardian Gole  Hex/Summ       29%        N/A       1%          3
Your spell library was empty.

Dungeon Overview and Level Annotations

Branches:
Dungeon (6/15)             Temple (1/1) D:4

Altars:
Ashenzari
Cheibriados
Fedhas
Gozag
Nemelex Xobeh
Sif Muna
Trog
Xom
Yredelemnul

Shops:
D:6 [

Annotations:
D:6 Edmund


Innate Abilities, Weirdness & Mutations

You are immune to sickness and miasma.
You are immune to poison.
Your flesh is very heat resistant. (rF++)
You are vulnerable to cold. (rC-)
You float through the air rather than walking.
You learn spells naturally, not from books.
Your magical power is your life essence.
You have superior vitality. (+4 HP)


Message History

Edmund asks, "Have you met my wondrous brother?"
Edmund hits you with a +2 flail of protection.
Edmund hits your guardian golem with a +2 flail of protection.
Edmund hits your guardian golem with a +2 flail of protection.
Edmund asks, "Have you met my wondrous brother?"
Edmund hits your guardian golem with a +2 flail of protection.
Edmund barely misses your guardian golem.
Casting: Summon Guardian Golem (safe; 1% risk of failure)
Confirm with . or Enter, or press ? or * to list all spells.
Flames lash the black bear.
The black bear is heavily wounded.
The black bear's fire resistance burns away.
Edmund hits your guardian golem with a +2 flail of protection.
Casting: Scorch (safe; 1% risk of failure)
Confirm with . or Enter, or press ? or * to list all spells.
Flames lash the black bear.
The black bear is burned terribly!
The black bear is severely wounded.
The black bear misses you. The black bear claws you. x2
A jelly comes into view.
Edmund hits your guardian golem with a +2 flail of protection.
Casting: Scorch (safe; 1% risk of failure)
Confirm with . or Enter, or press ? or * to list all spells.
Flames lash the black bear.
The black bear is burned terribly!
The black bear is almost dead.
The black bear goes berserk!
Edmund says, "A flail is better than a scythe, any day of the week!"
Edmund hits your guardian golem but does no damage.
Casting: Scorch (safe; 1% risk of failure)
Confirm with . or Enter, or press ? or * to list all spells.
Flames lash the jelly.
The jelly is almost dead.
The jelly's fire resistance burns away.
* * * LOW HITPOINT WARNING * * *
The black bear bites you.
* * * LOW HITPOINT WARNING * * *
The black bear closely misses you. The black bear claws you.
* * * LOW HITPOINT WARNING * * *
The black bear bites you!
You die...
Your body crumbles into a pile of gold.

..#.#...##..##...... .
.....................
..................##.#
#.#.#...##..####... ..
.......@..........
........9.....###.
..................
#.#$#..#.#..#.###
..........h@#.#
#.#.#.......#
......##.#..# ...#.
#.#.J# . . ...... .
##.#... .#..#. # #...


You could see Edmund (ally target), a black bear (berserk, combustible), a jelly
(combustible) and a friendly guardian golem (summoned).

Vanquished Creatures
  A centaur (D:5)
  3 ogres
  A phantom (D:5)
  2 scorpions (D:5)
  A water moccasin zombie (D:5)
  4 hounds
  2 jellies
  An iguana (D:4)
  A hound skeleton (D:4)
  8 adders
  A white imp (D:5)
  4 worms
  3 dart slugs
  2 orcs (D:3)
  5 endoplasms
  A giant cockroach (D:3)
  9 goblins
  10 hobgoblins
  6 kobolds
  2 quokkas
  3 ball pythons
  6 bats
  2 frilled lizards
  2 rats
80 creatures vanquished.

Vanquished Creatures (collateral kills)
  22 foxfires
22 creatures vanquished.

Vanquished Creatures (others)
  345 foxfires
  2 fungi (D:3)
  9 plants (D:2)
  4 toadstools (D:3)
360 creatures vanquished.

Grand Total: 462 creatures vanquished

Notes
Turn   | Place    | Note
-------+----------+-------------------------------------------
     0 | D:1      | robertstho the Djinni Fire Elementalist began the quest for
                  | the Orb.
     0 | D:1      | Reached XP level 1. HP: 15/15 MP: 0/0
   366 | D:1      | Reached XP level 2. HP: 18/21 MP: 0/0
   969 | D:1      | Reached skill level 3 in Spellcasting
  1009 | D:1      | Found a faded altar of an unknown god.
  1190 | D:1      | Reached XP level 3. HP: 25/26 MP: 0/0
  1190 | D:1      | Learned a level 1 spell: Magic Dart
  1374 | D:2      | Reached skill level 1 in Fighting
  1731 | D:2      | Reached XP level 4. HP: 23/32 MP: 0/0
  2873 | D:3      | Reached XP level 5. HP: 30/38 MP: 0/0
  2873 | D:3      | Learned a level 2 spell: Corpse Rot
  3487 | D:3      | Reached skill level 4 in Spellcasting
  4247 | D:4      | Found a staircase to the Ecumenical Temple.
  4342 | Temple   | Entered the Ecumenical Temple
  4380 | Temple   | Became a worshipper of Gozag Ym Sagoz the Greedy
  4656 | D:5      | Entered Level 5 of the Dungeon
  4660 | D:5      | Reached XP level 6. HP: 32/43 MP: 0/0
  4907 | D:5      | Found a blossoming altar of Fedhas.
  4909 | D:5      | Noticed an ogre
  4915 | D:5      | Killed an ogre
  4916 | D:5      | Reached skill level 5 in Spellcasting
  5050 | D:5      | Reached XP level 7. HP: 33/49 MP: 0/0
  5050 | D:5      | Learned a level 3 spell: Summon Guardian Golem
  5600 | D:5      | Reached skill level 6 in Spellcasting
  5660 | D:5      | Reached XP level 8. HP: 35/55 MP: 0/0
  5835 | D:6      | Found Neest's Armour Boutique.
  5926 | D:6      | Found Notank's General Store.
  6186 | D:6      | Noticed Edmund
  6204 | D:6      | Slain by a black bear

Illustrated notes

Levels and vault maps discovered:
D:1:      heliophobic_arrival_henge, layout_basic,
          shapermc_ecumenical_altar_flowoftime, minmay_heptomino_h4
D:2:      layout_rooms, serial_bayou, serial_bayou_pond_e, serial_bayou_shore_b,
          serial_bayou_ford_a, serial_bayou_lagoon_b
D:3:      layout_basic, st_stairs_4, minmay_gold_behind_fungi
D:4:      layout_basic, minmay_temple_entry_offerings
D:5:      layout_basic, fedhas_altar_2
D:6:      layout_basic, serial_shops, shop, nicolae_stop_n_shop_1, shop,
          nicolae_inconvenience_store, uniq_edmund
Temple:   regret_index_temple_sphere_string

Skill      XL: |  1  2  3  4  5  6  7 |
---------------+----------------------+-----
Spellcasting   | 3 4 5 6 |  6.8
Fighting       | 1 2 |  2.8
Stealth        | 2 |  2.1
Axes           | |  0.2
Dodging        | |  2.4

Action                   |  1- 3 |  4- 6 |  7- 9 || total
-------------------------+-------+-------+-------++-------
Melee: Hand axe          |       |     3 |       ||     3
 Cast: Foxfire           |    78 |   104 |    28 ||   210
       Scorch            |       |    26 |    29 ||    55
       Summon Guardian G |       |       |     1 ||     1
  Use: Scroll            |     3 |     2 |       ||     5
 Stab: Sleeping          |       |     1 |       ||     1
Armor: Robe              |       |     6 |     3 ||     9
Dodge: Dodged            |     2 |    19 |     8 ||    29

Table legend: (Time is in decaauts)
 A = Elapsed time spent in this place.
 B = Non-inter-level travel time spent in this place.
 C = Inter-level travel time spent in this place.
 D = Time resting spent in this place.
 E = Time spent auto-exploring this place.
 F = Levels seen in this place.
 G = Mean time per level.
                   A        B        C        D        E       F      G
               +--------+--------+--------+--------+--------+-----+--------+
         Total |   6202 |   5978 |    224 |      0 |   5378 |   7 |  886.0 |
       Dungeon |   6142 |   5941 |    201 |      0 |   5351 |   6 | 1023.7 |
        Temple |     60 |     38 |     22 |      0 |     27 |   1 |   60.0 |
               +--------+--------+--------+--------+--------+-----+--------+

Top non-repeatable levels by time:
     D:1: 1345 daAuts
     D:5: 1156 daAuts
     D:3: 1141 daAuts
     D:2: 1137 daAuts
     D:4: 969 daAuts
     D:6: 391 daAuts
  Temple: 60 daAuts
